 Dungeon Crawl Stone Soup version 0.27-a0-1193-g8631133539 (webtiles) character file.

Game seed: 11556964960030520095

12153 avis the Basher (level 11, 0/91 HPs)
             Began as a Hill Orc Monk on May 27, 2021.
             Was an Elder of Beogh.
             Slain by an unseen horror (8 damage)
             ... on level 10 of the Dungeon.
             The game lasted 00:59:13 (10843 turns).

avis the Basher (Hill Orc Monk)                    Turns: 10843, Time: 00:59:13

Health: 0/91       AC: 14    Str: 24      XL:     11   Next: 88%
Magic:  18/18      EV: 14    Int: 12 (13) God:    Beogh [****..]
Gold:   660        SH:  4    Dex: 11 (13) Spells: 10/10 levels left

rFire    . . .     SeeInvis .   b - +4 flail (vorpal)
rCold    . . .     Faith    .   n - +0 buckler
rNeg     . . .     Spirit   .   s - +3 scale mail
rPois    .         Reflect  .   r - +2 hat {Int+3}
rElec    .         Harm     .   A - +2 cloak
rCorr    .         Rampage  .   (no gloves)
Will     .....                  (no boots)
Stlth    ..........             h - amulet of regeneration
HPRegen  1.25/turn              I - +6 ring of strength
MPRegen  0.16/turn              W - +4 ring of evasion

@: no status effects
A: no striking features
a: Renounce Religion, Smiting, Recall Orcish Followers


You were on level 10 of the Dungeon.
You worshipped Beogh.
Beogh was greatly pleased with you.
You visited 3 branches of the dungeon, and saw 12 of its levels.

You collected 660 gold pieces.

Inventory:

Hand Weapons
 a - a +2 whip of electrocution
 b - a +4 vorpal flail (weapon)
 w - a +2 whip of holy wrath
Armour
 n - a +0 buckler (worn)
 r - a +2 hat of intelligence (worn)
 s - a +3 scale mail (worn)
 A - a +2 cloak (worn)
Jewellery
 h - an amulet of regeneration (around neck)
 I - a +6 ring of strength (left hand)
 K - an amulet of the acrobat
 W - a +4 ring of evasion (right hand)
Wands
 i - a wand of mindburst (10)
 j - a wand of polymorph (10)
 F - a wand of acid (14)
 G - a wand of flame (25)
 S - a wand of paralysis (8)
Scrolls
 l - 3 scrolls of magic mapping
 q - 2 scrolls of enchant weapon {unknown}
 u - a scroll of amnesia {unknown}
 x - 3 scrolls of teleportation {unknown}
 z - a scroll of fog {unknown}
 B - a scroll of vulnerability {unknown}
 C - a scroll of immolation {unknown}
 E - a scroll of noise {unknown}
 H - 2 scrolls of blinking {unknown}
 J - a scroll of fear {unknown}
 P - a scroll of acquirement {unknown}
 T - a scroll of enchant armour {unknown}
Potions
 c - a potion of berserk rage {unknown}
 d - 3 potions of curing
 e - a potion of heal wounds
 k - 2 potions of lignification {unknown}
 o - 3 potions of brilliance
 t - 2 potions of mutation {unknown}
 v - a potion of ambrosia {unknown}
 D - 3 potions of might
 L - a potion of magic {unknown}
 U - 2 potions of cancellation
 X - 2 potions of flight


   Skills:
 * Level 6.6 Fighting
 - Level 5.2(11.8) Axes
 - Level 13.7(14.0) Maces & Flails
 - Level 2.4 Dodging
 - Level 1.5 Stealth
 - Level 4.0 Shields
 + Level 10.6 Invocations
 + Level 8.0 Evocations


You had 10 spell levels left.
You didn't know any spells.
Your spell library was empty.

Dungeon Overview and Level Annotations

Branches:
Dungeon (10/15)            Temple (1/1) D:7            Lair (1/6) D:8
    Orc: D:9-12

Altars:
Ashenzari
Cheibriados
Dithmenos
Fedhas
Makhleb
Okawaru
Qazlal
Uskayaw
Vehumet
Wu Jian
The Shining One

Annotations:
D:5 Room beyond the lava?


Message History

Something barely misses you.
The orc warrior hits you with a +0 battleaxe!
* * * LOW HITPOINT WARNING * * *
You sock the orc warrior!
The orc warrior is heavily wounded.
Something barely misses you. The orc wizard closely misses you.
You sock the orc warrior!
You kill the orc warrior!
Beogh accepts your kill. Something barely misses you.
The orc wizard hits you with a +0 dagger of freezing.
* * * LOW HITPOINT WARNING * * *
The orc wizard freezes you.
* * * LOW HITPOINT WARNING * * *
Something hits you.
* * * LOW HITPOINT WARNING * * *
Something barely misses you.
The orc wizard gestures at you while chanting.
The puff of flame hits you.
* * * LOW HITPOINT WARNING * * *
Items here: $ )) [[ †.
You block something's attack. The orc wizard barely misses you.
You hit the orc wizard.
The orc wizard is moderately wounded.
Something hits you but does no damage.
The orc wizard hits you but does no damage.
You hit the orc wizard but do no damage.
The orc wizard is moderately wounded.
Something hits you.
* * * LOW HITPOINT WARNING * * *
You bludgeon the orc wizard!!
You kill the orc wizard!
Beogh accepts your kill.
You can now recall your orcish followers.
Something barely misses you. Something hits you!
* * * LOW HITPOINT WARNING * * *
Items here: ))) [[[ ††.
Something hits you!
You die...

## .### ..#
######.####
#.........#
#.........# # .
###..††.....# )#'#
#.....<)).))#)).###
...#.......@)))8....
#.......))#)).###
###############


There were no monsters in sight!

Vanquished Creatures
  Gastronok (D:8)
  Erica (D:9)
  A death yak (D:8)
  An elephant (D:8)
  4 cane toads (Lair:1)
  A komodo dragon (Lair:1)
  Psyche (D:9)
  A hornet (D:9)
  2 vampires (D:9)
  A wyvern (D:6)
  11 yaks
  2 steam dragons
  Menkaure (D:7)
  Edmund (D:4)
  3 water moccasins
  An ice beast (D:7)
  7 orc warriors
  5 black bears
  2 necrophages
  5 wolves (Lair:1)
  4 ogres
  2 centaurs
  3 bullfrogs
  4 scorpions
  5 killer bees (D:4)
  5 wights
  2 centaur zombies
  2 howler monkeys
  2 bullfrog zombies (D:5)
  4 hounds
  A gnoll shaman (D:5)
  6 orc priests
  A scorpion zombie (D:5)
  An iguana (D:7)
  10 orc wizards
  A mummy (D:8)
  A howler monkey zombie (D:6)
  3 adders
  A gnoll (D:4)
  2 shadow imps
  An ufetubus (D:5)
  2 worms
  27 orcs
  4 ball pythons (D:1)
  3 bats (D:1)
  11 endoplasms
  2 giant cockroaches
  3 goblins
  7 hobgoblins
  2 jackals (D:1)
  5 quokkas
  2 frilled lizards
  2 hobgoblin zombies (D:8)
  8 kobolds
  2 kobold zombies (D:8)
  4 rats
197 creatures vanquished.

Vanquished Creatures (collateral kills)
  2 yaks
  An orc priest (D:10)
  4 orcs (D:10)
7 creatures vanquished.

Vanquished Creatures (others)
  An orc wizard (Lair:1)
  2 orc warriors (D:10)
  An orc priest (D:10)
  14 orcs
  2 fungi (Lair:1)
  A plant (Lair:1)
21 creatures vanquished.

Grand Total: 225 creatures vanquished

Notes
Turn   | Place    | Note
-------+----------+-------------------------------------------
     0 | D:1      | avis the Hill Orc Monk began the quest for the Orb.
     0 | D:1      | Reached XP level 1. HP: 19/19 MP: 1/1
   177 | D:1      | Found a faded altar of an unknown god.
   233 | D:1      | Reached XP level 2. HP: 16/27 MP: 2/2
   809 | D:1      | Reached skill level 5 in Axes
   814 | D:1      | Reached XP level 3. HP: 33/33 MP: 3/3
  1811 | D:2      | Reached skill level 1 in Maces & Flails
  2424 | D:2      | Reached skill level 1 in Shields
  2424 | D:2      | Reached XP level 4. HP: 40/40 MP: 4/4
  2597 | D:3      | Reached skill level 2 in Maces & Flails
  2809 | D:3      | Found a radiant altar of Vehumet.
  2843 | D:3      | Became a worshipper of Beogh the Brigand
  2843 | D:3      | Reached * piety under Beogh
  2843 | D:3      | Reached ** piety under Beogh
  2849 | D:3      | Reached skill level 3 in Maces & Flails
  2849 | D:3      | Reached XP level 5. HP: 38/46 MP: 5/5
  3392 | D:4      | Noticed a necrophage
  3405 | D:4      | Killed a necrophage
  3406 | D:4      | Reached skill level 4 in Maces & Flails
  3406 | D:4      | Reached skill level 1 in Invocations
  3406 | D:4      | Reached XP level 6. HP: 52/52 MP: 5/7
  3841 | D:4      | Reached skill level 5 in Maces & Flails
  3841 | D:4      | Reached XP level 7. HP: 59/59 MP: 7/9
  3921 | D:4      | Noticed Edmund
  3925 | D:4      | Killed Edmund
  3926 | D:4      | Reached skill level 6 in Maces & Flails
  4302 | D:4      | Found a burning altar of Makhleb.
  4399 | D:5      | Entered Level 5 of the Dungeon
  4520 | D:5      | Identified the +6 dagger of the Sneaky Portals {chaos,
                  | Dex+4}
  4608 | D:5      | Reached skill level 7 in Maces & Flails
  4633 | D:5      | Reached XP level 8. HP: 66/66 MP: 10/10
  4852 | D:5      | Reached skill level 8 in Maces & Flails
  4958 | D:5      | Found an iron altar of Okawaru.
  5490 | D:6      | Noticed a wyvern
  5497 | D:6      | Killed a wyvern
  5498 | D:6      | Reached skill level 9 in Maces & Flails
  5511 | D:6      | Reached *** piety under Beogh
  5512 | D:6      | Reached skill level 5 in Invocations
  5542 | D:6      | Identified the +0 ring mail "Elekorur" {rC+ Will+}
  5584 | D:6      | Reached XP level 9. HP: 71/71 MP: 12/12
  5816 | D:6      | Reached skill level 10 in Maces & Flails
  6247 | D:7      | Noticed Menkaure
  6328 | D:7      | Killed Menkaure
  6473 | D:7      | Found a staircase to the Ecumenical Temple.
  6483 | Temple   | Entered the Ecumenical Temple
  6583 | D:7      | Reached skill level 11 in Maces & Flails
  6583 | D:7      | Reached skill level 1 in Evocations
  7204 | D:8      | Noticed Gastronok
  7228 | D:8      | Killed Gastronok
  7229 | D:8      | Reached skill level 12 in Maces & Flails
  7229 | D:8      | Reached XP level 10. HP: 11/78 MP: 2/16
  7541 | D:8      | Noticed an elephant
  7558 | D:8      | Killed an elephant
  7880 | D:8      | Noticed a death yak
  7900 | D:8      | Killed a death yak
  8034 | D:8      | Found a staircase to the Lair.
  8115 | D:8      | Found an ornate altar of the Wu Jian Council.
  8469 | D:9      | Found a shadowy altar of Dithmenos.
  8469 | D:9      | Found a broken altar of Ashenzari.
  8470 | D:9      | Found a snail-covered altar of Cheibriados.
  8480 | D:9      | Found a blossoming altar of Fedhas.
  8555 | D:9      | Reached skill level 13 in Maces & Flails
  8659 | D:9      | Reached skill level 5 in Evocations
  8725 | D:9      | Noticed Erica
  8736 | D:9      | Killed Erica
  8737 | D:9      | Reached XP level 11. HP: 57/84 MP: 18/18
  8821 | D:9      | Found a hide-covered altar of Uskayaw.
  8831 | D:9      | Reached skill level 10 in Invocations
  8880 | D:9      | Noticed Psyche
  8892 | D:9      | Killed Psyche
  9152 | Lair:1   | Entered Level 1 of the Lair of Beasts
  9800 | Lair:1   | Reached skill level 5 in Fighting
 10370 | D:9      | Found a glowing golden altar of the Shining One.
 10574 | D:9      | Found a stormy altar of Qazlal.
 10728 | D:10     | Entered Level 10 of the Dungeon
 10841 | D:10     | Reached **** piety under Beogh
 10843 | D:10     | Slain by an unseen horror

Illustrated notes

Levels and vault maps discovered:
D:1:      evilmike_arrival_plus, layout_basic, basic_ecumenical_altar,
          hangedman_decor_growths, minmay_misc_feat_alley
D:2:      layout_basic
D:3:      layout_basic, lemuel_doored_altar
D:4:      minmay_wonky_spiral, layout_basic, makhleb_heckhound_becter,
          roderic_lattice_a, uniq_edmund
D:5:      layout_loops_ring, lemuel_crystal_altar, kennysheep_opposing_triangles
D:6:      layout_loops_ring, serial_bayou_crossing
D:7:      layout_cave_pools, minmay_temple_entry_statues_pillars, uniq_menkaure
D:8:      layout_loops_ring, nicolae_wu_jian_immortal_techniques,
          david_lair_generic, minmay_mini_ossuary, uniq_gastronok
D:9:      layout_irregular_city, eat_drink_and_be_merry_uskayaw, tso_altar,
          lemuel_round_altar, nicolae_overflow_quartered_altars, st_stairs_14,
          uniq_erica, uniq_psyche
D:10:     layout_roguey, grunt_temple_overflow_order_and_chaos_1,
          kennysheep_vampire_church, hiddenorc2_lemuel
Temple:   corrupted_temple
Lair:1:   layout_chaotic_city, beast_lair_carwin_4

Skill      XL: |  1  2  3  4  5  6  7  8  9 10 11 |
---------------+----------------------------------+-----
Fighting       | 4 6 |  6.6
Axes           | 5 |  5.2
Maces & Flails | 1 3 4 5 7 9 12 13 | 13.7
Shields        | 1 2 3 4 |  4.0
Invocations    | 1 3 5 8 9 10 | 10.6
Evocations     | 3 5 8 |  8.0
Dodging        | |  2.4
Stealth        | |  1.5

Action                   |  1- 3 |  4- 6 |  7- 9 | 10-12 || total
-------------------------+-------+-------+-------+-------++-------
Melee: Hand axe          |    88 |       |       |       ||    88
       Whip              |    39 |   117 |    46 |    39 ||   241
       Flail             |       |       |   184 |   320 ||   504
Invok: Convert to Beogh  |       |     1 |       |       ||     1
       Smiting           |       |       |    13 |     2 ||    15
  Use: Scroll            |       |       |     1 |     5 ||     6
       Potion            |       |       |       |     6 ||     6
 Stab: Sleeping          |     4 |       |     2 |       ||     6
Armor: Robe              |    20 |       |       |       ||    20
       Ring mail         |     8 |    11 |       |       ||    19
       Scale mail        |       |    19 |     8 |    88 ||   115
       Leather armour    |       |       |    38 |       ||    38
       Chain mail        |       |       |     8 |       ||     8
Dodge: Dodged            |    73 |    43 |    90 |   122 ||   328
Block: Buckler           |     2 |    13 |    45 |    76 ||   136

Table legend: (Time is in decaauts)
 A = Elapsed time spent in this place.
 B = Non-inter-level travel time spent in this place.
 C = Inter-level travel time spent in this place.
 D = Time resting spent in this place.
 E = Time spent auto-exploring this place.
 F = Levels seen in this place.
 G = Mean time per level.
                   A        B        C        D        E       F      G
               +--------+--------+--------+--------+--------+-----+--------+
         Total |  10735 |   9368 |   1367 |   1190 |   5529 |  12 |  894.6 |
       Dungeon |   9662 |   8326 |   1336 |   1070 |   5067 |  10 |  966.2 |
        Temple |     51 |     50 |      1 |      0 |      0 |   1 |   51.0 |
          Lair |   1021 |    991 |     30 |    120 |    462 |   1 | 1021.0 |
               +--------+--------+--------+--------+--------+-----+--------+

Top non-repeatable levels by time:
     D:8: 1396 daAuts
     D:1: 1376 daAuts
     D:4: 1323 daAuts
     D:2: 1092 daAuts
     D:9: 1080 daAuts
  Lair:1: 1021 daAuts
     D:6: 997 daAuts
     D:7: 849 daAuts
     D:5: 816 daAuts
     D:3: 676 daAuts
    D:10: 52 daAuts
  Temple: 51 daAuts
